Map: Dusk Towers

Players

IIIIIIIIIIII

  • Race: Protoss Protoss
  • League: Master

oliM - Winner!

  • Race: Protoss Protoss
  • League: Master

VOD

Have the link to the VOD?

Description

Time

  • Played on: Feb. 13, 2016, 2:35 a.m.
  • Length: 16:54
Show
View Real Time Build Order
Export as new Build Order

IIIIIIIIIIII Protoss 

Build Orders: Oracle Opening 

Get SALT Encoding   

  12  0:12  Pylon  
  12  0:13  Probe (Chrono Boost)  
  13  0:24  Probe (Chrono Boost)  
  14  0:32  Gateway  
  14  0:35  Probe (Chrono Boost)  
  15  0:41  Assimilator  
  15  0:45  Probe (Chrono Boost)  
  16  0:51  Assimilator  
  16  0:56  Probe (Chrono Boost)  
  17  1:07  Probe (Chrono Boost)  
  18  1:17  Probe (Chrono Boost)  
  19  1:21  Cybernetics Core  
  19  1:25  Pylon  
  19  1:28  Probe (Chrono Boost)  
  20  1:38  Probe (Chrono Boost)  
  21  1:49  Probe (Chrono Boost)  
  22  1:58  Stargate  
  22  2:00  Probe (Chrono Boost)  
  22  2:01  Stalker  
  25  2:03  Warp Gate (Chrono Boost)  
  25  2:11  Probe (Chrono Boost)  
  26  2:26  Pylon  
  26  2:39  Nexus  
  26  2:43  Oracle (Chrono Boost)  
  29  2:46  Probe  
  30  2:54  Pylon  
  30  2:58  Probe  
  31  3:12  Mothership Core (Chrono Boost)  
  35  3:18  Robotics Facility  
  33  3:21  Stalker  
  35  3:31  Probe (Chrono Boost)  
  33  3:42  Probe (Chrono Boost)  
  33  3:44  Twilight Council  
  33  3:48  Pylon  
  34  3:52  Stalker, Probe (Chrono Boost)  
  37  3:57  Probe (Chrono Boost)  
  38  4:03  Probe (Chrono Boost)  
  38  4:05  Observer  
  38  4:08  Probe (Chrono Boost)  
  41  4:13  Probe (Chrono Boost)  
  42  4:18  Probe (Chrono Boost)  
  42  4:23  Blink (Chrono Boost)  
  42  4:24  Probe (Chrono Boost)  
  44  4:28  Pylon, Probe (Chrono Boost)  
  45  4:32  Pylon  
  45  4:34  Probe (Chrono Boost)  
  45  4:37  Probe  
  47  4:46  Probe  
  47  4:48  Probe  
  47  4:50  Stalker  
  51  4:58  Probe x2  
  51  4:59  Gateway  
  52  5:01  Gateway  
  52  5:02  Pylon  
  52  5:04  Assimilator  
  52  5:05  Assimilator  
  53  5:09  Probe  
  53  5:10  Probe  
  55  5:19  Probe  
  55  5:22  Probe  
  55  5:27  Gateway x2  
  57  5:30  Gateway  
  57  5:31  Gateway  
  57  5:32  Probe  
  58  5:39  Pylon  
  58  5:40  Stalker  
  60  5:47  Forge  
  60  5:49  Pylon  
  60  5:57  Pylon  
  60  6:01  Stalker x2  
  60  6:02  Stalker  
  66  6:26  Protoss Ground Weapons Level 1 (Chrono Boost)  
  66  6:31  Stalker x6  
  78  6:32  Stalker  
  77  7:01  Nexus  
  77  7:02  Robotics Bay  
  77  7:13  Sentry x3  
  77  7:14  Stalker x3  
  89  7:23  Probe x2  
  89  7:27  Photon Cannon  
  91  7:34  Immortal  
  91  7:38  Probe  
  91  7:40  Probe  
  97  7:45  Pylon  
  97  7:46  Pylon  
  97  7:49  Pylon  
  97  7:50  Probe  
  98  7:56  Robotics Facility  
  99  7:58  Stalker  
  99  8:00  Stalker  
  102  8:05  Stalker x2  
  102  8:06  Stalker  
  105  8:23  Stalker x3  
  104  8:31  Stalker x3  
  109  8:38  Immortal  
  101  9:05  Nexus  
  101  9:07  Stalker x2  
  101  9:08  Stalker x4  
  101  9:09  Stalker  
  116  9:35  Stalker x4  
  116  9:38  Sentry  
  115  9:51  Protoss Ground Weapons Level 2 (Chrono Boost)  
  99  9:59  Stalker x3  
  93  10:00  Stalker  
  95  10:07  Observer  
  95  10:12  Stalker x2  
  78  10:28  Observer  
  78  10:32  Photon Cannon, Probe x2  
  81  10:42  Probe  
  81  10:44  Pylon, Probe x2  
  80  10:58  Observer  
  81  11:05  Adept x3  
  81  11:06  Adept x2  
  81  11:08  Sentry  
  93  11:11  Probe  
  94  11:20  Probe x2  
  94  11:22  Pylon  
  96  11:26  Probe  
  97  11:39  Probe  
  65  11:55  Adept x2  
  65  11:56  Adept x4  
  77  12:04  Nexus  
  77  12:22  Disruptor  
  77  12:26  Pylon  
  77  12:27  Protoss Ground Weapons Level 3 (Chrono Boost)  
  80  12:38  Probe  
  80  12:39  Probe  
  82  12:53  Disruptor  
  82  12:58  Templar Archives  
  85  13:07  Assimilator  
  85  13:10  Probe  
  85  13:12  Assimilator  
  87  13:14  Probe  
  87  13:18  Pylon, Probe  
  88  13:34  High Templar  
  88  13:35  High Templar x3  
  88  13:36  Adept x2  
  88  13:39  Disruptor, Archon x2  
  102  13:59  Nexus  
  102  14:02  High Templar x2  
  106  14:03  Pylon  
  106  14:05  Pylon  
  106  14:06  Archon  
  106  14:13  High Templar x2  
  106  14:14  Zealot x2  
  114  14:20  Immortal  
  114  14:23  Archon  
  114  14:27  Pylon  
  114  14:29  Probe  
  114  14:30  Probe  
  114  14:31  Assimilator  
  120  14:35  Assimilator  
  120  14:40  Probe  
  121  14:46  Probe  
  121  14:52  Probe  
  122  14:57  Pylon  
  122  15:01  Probe x2  
  122  15:03  Disruptor  
  128  15:11  High Templar x2  
  128  15:12  Stalker x3  
  137  15:15  Archon  
  137  15:17  Probe x2  
  137  15:18  Probe  
  137  15:21  Pylon  
  140  15:23  Photon Cannon  
  140  15:28  Probe  
  140  15:29  Probe  
  142  15:35  Immortal  
  146  15:54  Zealot x3  
  146  15:55  High Templar, Zealot  
  146  15:56  High Templar  
  158  16:00  Archon  
  157  16:10  Immortal  
  157  16:17  Pylon  
  161  16:19  Zealot x4  
  161  16:22  Gateway  
  161  16:23  Gateway  
  158  16:36  Zealot x2  
  119  16:42  Zealot x4  
Show
View Real Time Build Order
Export as new Build Order

oliM Protoss - Winner!

Build Orders: 1 Gate Expand, Phoenix Opening 

Get SALT Encoding   

  12  0:01  Probe (Chrono Boost)  
  13  0:12  Probe (Chrono Boost)  
  14  0:20  Pylon  
  14  0:22  Probe (Chrono Boost)  
  15  0:39  Probe (Chrono Boost)  
  15  0:40  Gateway  
  16  0:49  Probe (Chrono Boost)  
  17  0:51  Assimilator  
  17  1:00  Probe (Chrono Boost)  
  18  1:10  Probe (Chrono Boost)  
  19  1:19  Nexus  
  19  1:29  Cybernetics Core  
  19  1:34  Probe (Chrono Boost)  
  20  1:41  Assimilator  
  20  1:45  Probe (Chrono Boost)  
  21  1:50  Pylon  
  21  1:55  Probe (Chrono Boost)  
  22  2:09  Mothership Core (Chrono Boost)  
  24  2:19  Stalker (Chrono Boost)  
  24  2:22  Pylon  
  26  2:27  Probe (Chrono Boost)  
  27  2:31  Warp Gate  
  27  2:34  Probe  
  28  2:39  Pylon, Probe  
  29  2:46  Probe (Chrono Boost)  
  30  2:51  Probe (Chrono Boost)  
  30  2:57  Stargate  
  30  2:58  Probe (Chrono Boost)  
  32  3:02  Probe (Chrono Boost)  
  33  3:10  Probe (Chrono Boost)  
  34  3:13  Probe (Chrono Boost)  
  35  3:21  Probe (Chrono Boost)  
  35  3:23  Probe (Chrono Boost)  
  34  3:31  Probe (Chrono Boost)  
  32  3:36  Probe (Chrono Boost)  
  32  3:40  Probe (Chrono Boost)  
  33  3:41  Phoenix (Chrono Boost)  
  33  3:48  Probe  
  37  3:50  Probe  
  38  4:00  Probe  
  38  4:01  Probe  
  38  4:02  Sentry  
  41  4:03  Phoenix (Chrono Boost)  
  41  4:07  Pylon  
  44  4:12  Probe x2  
  46  4:23  Probe (Chrono Boost)  
  46  4:24  Robotics Facility, Probe (Chrono Boost)  
  48  4:34  Probe (Chrono Boost)  
  48  4:35  Probe (Chrono Boost)  
  50  4:38  Gateway  
  50  4:40  Gateway  
  50  4:44  Assimilator  
  50  4:45  Probe (Chrono Boost)  
  51  4:46  Assimilator, Probe (Chrono Boost)  
  52  4:55  Probe (Chrono Boost)  
  52  4:56  Probe (Chrono Boost)  
  54  5:00  Gateway  
  54  5:03  Pylon  
  54  5:04  Pylon  
  54  5:05  Probe (Chrono Boost)  
  55  5:11  Observer (Chrono Boost)  
  55  5:12  Probe  
  57  5:15  Twilight Council  
  57  5:16  Probe  
  57  5:18  Pylon  
  58  5:24  Probe  
  59  5:30  Immortal (Chrono Boost)  
  59  5:32  Pylon  
  63  5:35  Stalker  
  65  5:49  Stalker x2  
  69  5:50  Probe  
  69  5:54  Forge  
  70  6:03  Immortal (Chrono Boost)  
  74  6:22  Nexus  
  74  6:25  Pylon  
  74  6:27  Pylon  
  74  6:29  Charge (Chrono Boost), Protoss Ground Weapons Level 1  
  74  6:33  Immortal  
  78  6:47  Gateway  
  78  6:48  Gateway  
  78  6:54  Zealot x2  
  78  6:55  Zealot x2  
  83  7:05  Pylon  
  83  7:07  Pylon  
  83  7:08  Immortal, Pylon, Mothership Core  
  87  7:20  Pylon  
  87  7:22  Dark Shrine  
  87  7:29  Zealot x2  
  91  7:30  Zealot x2  
  89  7:43  Immortal  
  87  7:44  Templar Archives  
  87  7:50  Zealot  
  93  7:52  Zealot x3  
  99  8:17  Immortal, Probe  
  98  8:20  Pylon  
  98  8:23  High Templar x2  
  98  8:24  High Templar x2  
  104  8:29  Archon  
  104  8:30  Archon  
  104  8:32  Zealot x2  
  95  8:51  Immortal  
  95  8:55  Zealot x2  
  85  8:56  Zealot x4  
  85  9:00  Probe  
  98  9:04  Protoss Ground Weapons Level 2 (Chrono Boost)  
  98  9:17  Nexus  
  98  9:20  Pylon  
  98  9:22  Dark Templar  
  98  9:24  Dark Templar  
  102  9:25  Dark Templar  
  104  9:37  Pylon  
  104  9:39  Zealot x3  
  88  9:56  Dark Templar x2  
  76  10:01  Dark Templar  
  67  10:07  Dark Templar x2  
  67  10:12  Immortal, Probe  
  67  10:13  Probe  
  73  10:18  Zealot x2  
  81  10:26  Probe  
  82  10:31  Probe  
  82  10:33  Zealot  
  83  10:40  Probe  
  80  10:46  Immortal  
  80  10:52  Probe  
  80  10:55  Probe  
  80  10:56  Pylon  
  84  10:58  Pylon  
  84  10:59  Pylon  
  84  11:03  High Templar  
  84  11:04  High Templar x2  
  88  11:09  Archon  
  90  11:11  Gateway  
  90  11:12  Gateway, Archon  
  90  11:16  Pylon  
  90  11:19  Assimilator  
  90  11:24  Assimilator  
  90  11:29  Zealot  
  90  11:30  Zealot  
  94  11:37  Zealot x3  
  82  11:48  Probe  
  82  11:51  Probe  
  81  11:55  Pylon  
  81  11:57  Zealot x3  
  81  11:58  Pylon  
  81  11:59  Zealot  
  89  12:04  Immortal  
  89  12:14  High Templar x2  
  97  12:19  Archon  
  97  12:21  High Templar x2  
  97  12:22  High Templar  
  101  12:26  High Templar, Archon  
  101  12:27  Zealot  
  101  12:29  Photon Cannon  
  105  12:32  Photon Cannon, Archon  
  105  12:42  Observer  
  109  12:47  Zealot x3  
  112  12:52  Photon Cannon  
  112  12:58  Immortal  
  116  13:13  High Templar x2  
  116  13:16  High Templar x2  
  116  13:19  Nexus  
  124  13:20  Archon x2  
  124  13:21  Pylon, Zealot  
  124  13:22  Zealot  
  130  13:27  Phoenix (Chrono Boost)  
  130  13:40  Pylon  
  130  13:43  Probe  
  129  13:49  Phoenix (Chrono Boost)  
  129  13:55  Zealot x2  
  135  14:07  Stargate  
  135  14:08  Probe  
  135  14:10  Phoenix (Chrono Boost)  
  135  14:13  Assimilator  
  135  14:17  Assimilator, High Templar x2  
  142  14:20  Photon Cannon  
  142  14:21  Probe, Archon  
  143  14:27  Immortal  
  143  14:32  Phoenix (Chrono Boost)  
  143  14:37  Probe  
  150  14:44  Zealot x3  
  156  14:54  Phoenix (Chrono Boost)  
  156  14:57  Phoenix (Chrono Boost)  
  158  15:01  Immortal, High Templar  
  158  15:02  High Templar  
  166  15:08  Zealot x3  
  166  15:09  Zealot  
  166  15:11  Archon  
  172  15:15  Pylon  
  172  15:16  Pylon  
  172  15:18  Phoenix (Chrono Boost)  
  174  15:23  Phoenix (Chrono Boost)  
  176  15:39  Zealot x2  
  176  15:40  Phoenix (Chrono Boost), Zealot x2  
  186  15:49  Phoenix (Chrono Boost)  
  188  15:50  Zealot x3  
  194  16:02  Pylon  
  194  16:03  Pylon  
  194  16:07  Zealot x3  
  142  16:40  Zealot  
  142  16:41  Zealot x5  
  142  16:42  Zealot  
Tags
 
Add a new tag
Caveats
  • Supply blocks, unpowered buildings, or Contaminate may cause inaccurate times.
  • Supply counts are checked every 10 seconds.